 Dungeon Sprint DCSS version 0.22-a0-848-ge9e22a0 (webtiles) character file.

419 protoss039 the Cleaver (level 6, 0/67 HPs)
             Began as a Minotaur Fighter on July 26, 2018.
             Slain by a killer bee (4 damage)
             ... in the Dungeon (Sprint IV: "Fedhas' Mad Dash").
             The game lasted 00:01:44 (361 turns).

protoss039 the Cleaver (Minotaur Fighter)            Turns: 361, Time: 00:01:45

Health: 0/67       AC:  6    Str: 26    XL:     6   Next: 62%
Magic:  5/5        EV:  7    Int:  5    God:
Gold:   0          SH: 10    Dex: 11    Spells: 5/5 levels left

rFire    . . .     SeeInvis .   a - +0 war axe
rCold    . . .     Gourm    .   c - +0 shield
rNeg     . . .     Faith    .   b - +0 scale mail
rPois    .         Spirit   .   (helmet restricted)
rElec    .         Reflect  .   (no cloak)
rCorr    .         Harm     .   (no gloves)
MR       .....     NoTele   +   (no boots)
Stlth    ..........             h - amulet of invisibility {+Inv}
HPRegen  0.21/turn              (no ring)
MPRegen  0.09/turn              (no ring)

@: mighty, lethally poisoned (0 -> -15)
A: retaliatory headbutt, horns 2
a: Evoke Invisibility


You were in the Dungeon.
You were not hungry.

You visited 1 branch

Inventory:

Hand Weapons
 a - a +0 war axe (weapon)
Armour
 b - a +0 scale mail (worn)
 c - a +0 shield (worn)
Jewellery
 h - the amulet of invisibility (around neck) {+Inv}
   (You found it in the Dungeon)

   [amulet of nothing]

   It lets you turn invisible.
Scrolls
 k - a scroll of blinking
Potions
 i - 2 potions of magic
 j - a potion of berserk rage
Comestibles
 f - a ration


   Skills:
 + Level 10.5 Fighting
 * Level 13.5 Axes
 - Level 3.6 Armour
 - Level 3.6 Shields


You had 5 spell levels left.
You didn't know any spells.
Your spell library was empty.

Dungeon Overview and Level Annotations

Branches:
Dungeon (1/1)

Altars:


Innate Abilities, Weirdness & Mutations

You reflexively headbutt those who attack you in melee.
You have a pair of horns on your head.


Message History

* * * LOW HITPOINT WARNING * * *
You are more poisoned.
The killer bee poisons you!
You hit the killer bee.
You kill the killer bee!
You miss the killer bee.
* * * LOW HITPOINT WARNING * * *
You feel sick.
The killer bee stings you but does no damage.
You block the killer bee's attack.
Unknown command.
You closely miss the killer bee. Your headbutt misses the killer bee.
* * * LOW HITPOINT WARNING * * *
You feel sick.
The killer bee stings you but does no damage. x2
Unknown command.
You feel very mighty all of a sudden.
* * * LOW HITPOINT WARNING * * *
You feel sick. The killer bee barely misses you. The killer bee stings you.
You die...

##################
#<..P#.....#.$$$$#
#PP..'.)...'.#((.+
#PPPP#.....#.#...#
###############'##
#...♣........'...#
#%....y♣.....#$.$#
#.....♣@.♣..######
##+####+#####


You could see a killer bee.

Vanquished Creatures
  A queen bee (D)
  3 killer bees (D)
  2 oklob saplings (D)
  A worker ant (D)
  A river rat (D)
  A rat (D)
9 creatures vanquished.

Notes
Turn   | Place    | Note
-------+----------+-------------------------------------------
     0 | D        | protoss039 the Minotaur Fighter began the quest for the Orb.
     0 | D        | Reached XP level 1. HP: 19/19 MP: 0/0
     7 | D        | Reached skill level 4 in Axes
     7 | D        | Reached XP level 2. HP: 28/28 MP: 1/1
    13 | D        | Noticed an oklob sapling
    15 | D        | HP: 1/28 [acid (17)]
   312 | D        | Killed an oklob sapling
   312 | D        | Reached skill level 5 in Fighting
   312 | D        | Reached skill level 6 in Axes
   312 | D        | Reached XP level 3. HP: 37/37 MP: 2/2
   315 | D        | Found the amulet of invisibility {+Inv}
   322 | D        | Reached skill level 7 in Axes
   327 | D        | Noticed an oklob sapling
   330 | D        | Killed an oklob sapling
   330 | D        | Reached skill level 8 in Axes
   330 | D        | Reached XP level 4. HP: 38/45 MP: 3/3
   339 | D        | Noticed a queen bee
   350 | D        | Killed a queen bee
   350 | D        | Reached skill level 12 in Axes
   350 | D        | Reached XP level 5. HP: 22/57 MP: 4/4
   350 | D        | Reached XP level 6. HP: 25/64 MP: 5/5
   357 | D        | Reached skill level 10 in Fighting
   357 | D        | Reached skill level 13 in Axes
   361 | D        | Slain by a killer bee

Vault maps used:
D:        dungeon_sprint_fedhas

Skill      XL: |  1  2  3  4  5  6 |
---------------+-------------------+-----
Fighting       | 4 5 6 9 10 | 10.5
Axes           | 4 6 8 12 13 | 13.5
Armour         | |  3.6
Shields        | |  3.6

Action                   |  1- 3 |  4- 6 || total
-------------------------+-------+-------++-------
Melee: War axe           |    13 |    16 ||    29
       Headbutt          |       |     4 ||     4
  Use: Potion            |     1 |     3 ||     4
Armor: Scale mail        |     1 |     8 ||     9
Dodge: Dodged            |     2 |     6 ||     8
Block: Shield            |     7 |    13 ||    20

Table legend:
 A = Spawn XP
 B = Non-spawn XP
 C = Spawn XP percentage of total XP
 D = Spawn monster count
 E = Non-spawn monster count
 F = Spawn count percentage of total count
 G = Total turns spent on level
                    A         B        C        D         E        F      G
               +---------+---------+-------+---------+---------+-------+---------
         Total |       0 |     599 |   0.0 |       0 |       9 |   0.0 |   361
               +---------+---------+-------+---------+---------+-------+---------
             D |       0 |     599 |   0.0 |       0 |       9 |   0.0 |   361
               +---------+---------+-------+---------+---------+-------+---------
